 Dungeon Crawl Stone Soup version 0.30-a0-852-g08b95dd62f (webtiles) character file.

Game seed: 15818157494842706093

3411 dialectric the Basher (level 10, -2/61 HPs)
             Began as a Gargoyle Fighter on Mar 4, 2023.
             Was an Initiate of Gozag.
             Killed by divine providence
             ... invoked by an orc priest
              (10 damage)
             ... on level 8 of the Dungeon.
             The game lasted 00:09:47 (7131 turns).

dialectric the Basher (Gargoyle Fighter)            Turns: 7131, Time: 00:09:48

Health: -2/61      AC: 18    Str: 22      XL:     10   Next: 4%
Magic:  10/10      EV: 16    Int: 11 (12) God:    Gozag
Gold:   278        SH:  5    Dex: 11      Spells: 9/9 levels left

rFire   . . .      SeeInvis .    g - +5 whip (freeze)
rCold   . . .      Faith    .    (no shield)
rNeg    + + .      Spirit   .    j - +2 ring mail {rPois}
rPois   ∞          Reflect  +    K - +1 helmet {Int+3}
rElec   +          Rampage  .    (no cloak)
rCorr   .                        (no gloves)
Will    .....                    (no boots)
Stlth   +                        m - amulet of reflection
HPRegen 0.30/turn                t - ring of positive energy
MPRegen 0.12/turn                G - +5 ring of evasion

@: weakened, on berserk cooldown
A: sickness immunity, AC +7, negative energy resistance 1, electricity
resistance, torment resistance 1, petrification resistance
a: Renounce Religion, Potion Petition, Call Merchant, Bribe Branch


You were on level 8 of the Dungeon.
You worshipped Gozag.
Gozag was aware of your devotion.
You visited 1 branch of the dungeon, and saw 8 of its levels.

You collected 1059 gold pieces.
You spent 621 gold pieces at shops.
You paid 160 gold pieces to Gozag.

Inventory:

Hand Weapons
 a - a +0 flail
 g - a +5 whip of freezing (weapon)
Armour
 b - a +0 scale mail
 c - a +0 buckler
 j - a +2 ring mail of poison resistance (worn)
 A - the +0 leather armour of Instinct {rElec rPois rCorr Int+4}
   (You found it on level 4 of the Dungeon)

   Int:       It affects your intelligence (+4).
   rElec:     It insulates you from electricity.
   rPois:     It protects you from poison.
   rCorr:     It protects you from acid and corrosion.
 K - a +1 helmet of intelligence (worn)
Jewellery
 m - an amulet of reflection (around neck)
 t - a ring of positive energy (left hand)
 B - a +6 ring of intelligence
 G - a +5 ring of evasion (right hand)
Scrolls
 e - 2 scrolls of fog
 f - 7 scrolls of identify
 h - 4 scrolls of immolation
 l - a scroll of brand weapon {unknown}
 o - a scroll of enchant weapon
 q - a scroll of noise
 x - a scroll of teleportation {unknown}
 y - 3 scrolls of vulnerability
 E - 3 scrolls of amnesia {unknown}
 I - a scroll of enchant armour {unknown}
Potions
 d - a potion of might
 i - 2 potions of degeneration {unknown}
 k - a potion of magic
 p - a potion of attraction {unknown}
 r - 3 potions of curing
 u - 2 potions of berserk rage
 w - a potion of resistance {unknown}
 z - 2 potions of lignification
 D - a potion of brilliance {unknown}
 F - a potion of flight
 J - a potion of mutation {unknown}


   Skills:
 - Level 6.3 Fighting
 * Level 11.4 Maces & Flails
 + Level 0.5 Throwing
 + Level 7.2 Armour
 - Level 1.2 Dodging
 - Level 1.3 Stealth
 - Level 3.2 Shields
 + Level 0.3 Evocations


You had 9 spell levels left.
You didn't know any spells.
Your spell library contained the following spells:

 Spells                   Type           Power      Damage    Failure   Level
 Sandblast                Erth           0%         2d4       47%         1
 Passwall                 Tmut/Erth      0%         N/A       63%         2
 Ignite Poison            Fire/Tmut/Pois 0%         N/A       85%         3
 Stone Arrow              Conj/Erth      0%         3d7       85%         3
 Sticky Flame             Conj/Fire      0%         2d3       99%         4
 Ignition                 Fire           0%         3d3       100%        8


Dungeon Overview and Level Annotations

Branches:
Dungeon (8/15)             Temple (0/1) D:7
   Lair: D:8-11

Altars:
Gozag
Makhleb
Nemelex Xobeh

Shops:
D:1 (   D:6 =   D:7 [

Portals:
Bailey: D:8

Annotations:
D:3 3 runed translucent doors, Monkooky's ghost, amateur DgAr


Innate Abilities, Weirdness & Mutations

You are immune to sickness and miasma.
Your stone body is resilient. (AC +7)
You are immune to poison.
You resist negative energy. (rN+)
You are resistant to electric shocks. (rElec)
You are resistant to unholy torment.
You are immune to petrification.


Message History

The kobold demonologist miscasts a cantrip.
You hit the orange demon. You freeze the orange demon.
The orange demon is moderately wounded.
The orange demon closely misses you.
The orange demon hits you but does no damage.
You hit the orange demon. You freeze the orange demon.
The orange demon is heavily wounded.
The orange demon completely misses you. The orange demon misses you.
The orc priest mumbles some strange prayers to Beogh against you.
Beogh smites you!
You hit the orange demon but do no damage.
The orange demon is heavily wounded.
The red devil disappears in a puff of smoke!
The orange demon completely misses you. You block the orange demon's attack.
You barely miss the orange demon.
The orange demon is heavily wounded.
You feel yourself speed up. The orange demon stings you!
The orange demon hits you.
The kobold demonologist casts a spell.
You hit the orange demon. You freeze the orange demon.
The orange demon is heavily wounded.
You barely miss the orange demon.
The orange demon is heavily wounded.
The orange demon stings you!
* * * LOW HITPOINT WARNING * * *
The orange demon completely misses you. The neqoxec gestures at you.
You feel dopey. Something feeds on your intellect!
You hit the orange demon. You freeze the orange demon.
The orange demon is severely wounded.
You barely miss the orange demon.
The orange demon is severely wounded.
You block the orange demon's attack. The orange demon hits you.
* * * LOW HITPOINT WARNING * * *
You feel as though you will be weak longer.
The orc priest calls down the wrath of Beogh upon you.
Beogh smites you!
You die...
Your body crumbles into a pile of gold.

,,,,,,,,,,,#.#8#$##.#............
,~~~~,,,,,*#,#∩#.####............
,,,,,,,,,,,#.#.8.# #(..>.........
,,****,,,,,#.#.#.# #...#.........
*,***,,,,,,*.8.#o#*#..###........
,,,,,,,,,,,#.#3#5#...## #........
,,,,,,,**,,#.#.8K#...,* ##.......
,,,,,,,**,,#,#.#4#..[,****.......
$,,,,,,*,*,*.8.#@#,*,,,,*,.......
,,,,,,*,,,,#.#,#.#,***,,,,......#
,,,,,,**,,,##*+###,,,,,,,,......#
,,,,,,,,,,,,,,,**,,,,,,,,,.....,*
,,,,,,,*,,,,,,,*,,,,,,,,,,...,,*#
,,,,,,****,,*,,,,,,,,,,<,,..,,,,#
,,,,,,****,***,,,,**>,,,,,.,,,,..
,,,,,,,,,*,**,,,,,***,,,,,,,,....
,,,*,,,,,,,,**$,,,,**,,,,,,,*...#


You could see an orange demon, a kobold demonologist, a neqoxec (summoned), an
orc priest and a quasit (summoned).

Vanquished Creatures
  Amaemon (D:8)
  Pikel (D:8)
  Psyche (D:8)
  A hornet (D:7)
  A steam dragon (D:7)
  An orc warrior (D:8)
  2 ogres
  2 centaurs (D:7)
  A phantom (D:5)
  A lemure (D:8)
  A kobold brigand (D:8)
  3 scorpions
  8 wights
  A hound (D:5)
  5 jellies
  An orc priest (D:7)
  7 iguanas
  4 orc wizards
  11 gnolls
  4 adders
  A shadow imp (D:7)
  2 white imps
  2 ufetubi
  A worm (D:2)
  3 dart slugs
  12 orcs
  8 ball pythons
  7 endoplasms
  3 giant cockroaches
  7 goblins
  4 hobgoblins
  4 quokkas
  8 bats
  3 frilled lizards
  12 kobolds
  2 rats
136 creatures vanquished.

Vanquished Creatures (others)
  3 orcs (D:8)
3 creatures vanquished.

Grand Total: 139 creatures vanquished

Notes
Turn   | Place    | Note
-------+----------+-------------------------------------------
     0 | D:1      | dialectric the Gargoyle Fighter began the quest for the
                  | Orb.
     0 | D:1      | Reached XP level 1. HP: 14/14 MP: 1/1
   116 | D:1      | Reached XP level 2. HP: 19/19 MP: 2/2
   187 | D:1      | Found Idimemobb's Weapon Shoppe.
   475 | D:1      | Reached XP level 3. HP: 20/24 MP: 3/3
   807 | D:2      | Found a faded altar of an unknown god.
   810 | D:2      | Prayed at the altar of an unknown god.
   810 | D:2      | Became a worshipper of Gozag Ym Sagoz the Greedy
  1004 | D:2      | Reached skill level 1 in Dodging
  1320 | D:2      | Reached XP level 4. HP: 23/29 MP: 4/4
  1528 | D:3      | Noticed an ogre
  1532 | D:3      | Killed an ogre
  1533 | D:3      | Reached skill level 3 in Maces & Flails
  1533 | D:3      | Reached XP level 5. HP: 33/33 MP: 5/5
  1553 | D:3      | Found a runed translucent gate.
  1554 | D:3      | Found a runed translucent gate.
  1554 | D:3      | Found a runed translucent gate.
  1555 | D:3      | Noticed Monkooky's ghost (amateur DgAr)
  1559 | D:3      | Identified the +3 ring mail of Karylac {rF+ Str+6 Int-5
                  | Stlth+}
  1785 | D:3      | Reached skill level 4 in Maces & Flails
  2329 | D:4      | Reached XP level 6. HP: 35/38 MP: 6/6
  2503 | D:4      | Identified the +11 dagger of the Elven Halls {heavy, rF-
                  | rN+ rCorr Int+8}
  2519 | D:4      | Identified the +0 leather armour of Instinct {rElec rPois
                  | rCorr Int+4}
  3097 | D:5      | Entered Level 5 of the Dungeon
  3182 | D:5      | Reached skill level 5 in Maces & Flails
  3346 | D:5      | Reached XP level 7. HP: 36/44 MP: 7/7
  3951 | D:5      | Found a burning altar of Makhleb.
  3962 | D:5      | Reached skill level 6 in Maces & Flails
  4278 | D:6      | Reached skill level 5 in Armour
  4461 | D:6      | Found Hyoh's Jewellery Boutique.
  4481 | D:6      | Bought a +5 ring of evasion for 396 gold pieces
  4664 | D:6      | Reached skill level 1 in Stealth
  4981 | D:6      | Reached XP level 8. HP: 40/48 MP: 8/8
  4983 | D:6      | Reached skill level 7 in Maces & Flails
  5335 | D:6      | Reached skill level 5 in Fighting
  5560 | D:7      | Reached skill level 8 in Maces & Flails
  5569 | D:7      | Found a staircase to the Ecumenical Temple.
  5626 | D:7      | Noticed a hornet
  5644 | D:7      | Killed a hornet
  5710 | D:7      | Reached skill level 9 in Maces & Flails
  5877 | D:7      | Reached XP level 9. HP: 46/55 MP: 9/9
  6380 | D:7      | Found Cojao's Antique Armour Emporium.
  6383 | D:7      | Bought a glowing helmet for 225 gold pieces
  6844 | D:7      | Found a sparkling altar of Nemelex Xobeh.
  6978 | D:8      | Noticed Amaemon
  6979 | D:8      | Noticed an orange demon
  7040 | D:8      | Noticed Pikel
  7053 | D:8      | Found a flagged portal.
  7059 | D:8      | Noticed Psyche
  7070 | D:8      | Killed Pikel
  7071 | D:8      | Reached skill level 10 in Maces & Flails
  7079 | D:8      | Noticed a kobold demonologist
  7087 | D:8      | Killed Psyche
  7107 | D:8      | Noticed a red devil
  7112 | D:8      | Killed Amaemon
  7113 | D:8      | Reached skill level 11 in Maces & Flails
  7113 | D:8      | Reached XP level 10. HP: 22/61 MP: 10/10
  7124 | D:8      | Noticed an orange demon
  7131 | D:8      | Killed from afar by an orc priest

Illustrated notes

Levels and vault maps discovered:
D:1:      minmay_arrival_cross, layout_basic, serial_shops, shop_fountains
D:2:      layout_basic, nicolae_ecumenical_oubliette
D:3:      layout_loops_ring, biasface_ghost_orc_armoury
D:4:      wander_river, layout_basic, minivault_11
D:5:      layout_basic, makhleb_heckhound_becter
D:6:      layout_cave_pods, serial_shops, nicolae_shop_waterfront
D:7:      layout_rooms, nemelex_dance_club_becter, temple_doors_e,
          serial_aquarium, aquarium_bridge_island_small
          [aquarium_subvault_small_open, aquarium_subvault_bridge,
          aquarium_subvault_wall, aquarium_subvault_wall,
          aquarium_subvault_bridge], aquarium_bridge_straight
          [aquarium_subvault_bridge, aquarium_subvault_window,
          aquarium_subvault_bridge, aquarium_subvault_balcony],
          aquarium_window_fake, aquarium_window_double, aquarium_window_2,
          aquarium_window_1, aquarium_view_2b, aquarium_view_2c,
          aquarium_balcony_double_3, serial_shops, kennysheep_mini,
          minmay_misc_feat_iff, hangedman_abyss_or_decor_lesser_grid,
          minivault_24, minmay_misc_feat_pillars, chequers_avenue
D:8:      layout_cave_pools, mainiacjoe_overflow_boulevard,
          nicolae_wu_jian_wuxing_cycle, enter_bailey_8, minmay_fountain_box,
          guppyfry_early_elven_hall, uniq_amaemon, uniq_psyche, uniq_pikel

Skill      XL: |  1  2  3  4  5  6  7  8  9 |
---------------+----------------------------+-----
Dodging        | 1 |  1.2
Armour         | 4 5 6 7 |  7.2
Fighting       | 4 5 6 |  6.3
Maces & Flails | 3 4 5 6 9 11 | 11.4
Stealth        | 1 |  1.3
Throwing       | |  0.5
Shields        | |  3.2
Evocations     | |  0.3

Action                     |  1- 3 |  4- 6 |  7- 9 | 10-12 || total
---------------------------+-------+-------+-------+-------++-------
  Melee: Flail             |    16 |       |       |       ||    16
         Whip              |    63 |   119 |   311 |     9 ||   502
         Punch             |       |       |     7 |       ||     7
  Throw: Dart              |       |       |     6 |       ||     6
 Invoke: Potion Petition   |       |       |     1 |       ||     1
  Evoke: Wand              |       |       |     3 |       ||     3
    Use: Scroll            |       |     3 |     4 |       ||     7
         Potion            |       |       |     6 |     1 ||     7
 Armour: Scale mail        |    19 |       |       |       ||    19
         Ring mail         |    15 |    40 |    84 |     3 ||   142
         Skin              |       |       |    38 |       ||    38
  Dodge: Dodged            |    44 |    52 |   145 |    11 ||   252
  Block: Other             |       |    18 |    69 |     2 ||    89
         Reflection        |       |       |     5 |       ||     5

Table legend: (Time is in decaauts)
 A = Elapsed time spent in this place.
 B = Non-inter-level travel time spent in this place.
 C = Inter-level travel time spent in this place.
 D = Time resting spent in this place.
 E = Time spent auto-exploring this place.
 F = Levels seen in this place.
 G = Mean time per level.
                   A        B        C        D        E       F      G
               +--------+--------+--------+--------+--------+-----+--------+
         Total |   7077 |   6671 |    406 |    532 |   4970 |   8 |  884.6 |
       Dungeon |   7077 |   6671 |    406 |    532 |   4970 |   8 |  884.6 |
               +--------+--------+--------+--------+--------+-----+--------+

Top non-repeatable levels by time:
     D:7: 1420 daAuts
     D:6: 1269 daAuts
     D:5: 1035 daAuts
     D:4: 969 daAuts
     D:1: 856 daAuts
     D:3: 839 daAuts
     D:2: 551 daAuts
     D:8: 134 daAuts
